 Dungeon Crawl Stone Soup version 0.28-a0-1629-gf728b707aa (webtiles) character file.

Game seed: 7481938999753226926

54 testman the Grave Robber (level 3, 0/24 HPs)
             Began as a Mummy Necromancer on Jan 24, 2022.
             Slain by Crazy Yiuf (14 damage)
             ... on level 2 of the Dungeon.
             The game lasted 00:07:27 (1356 turns).

testman the Grave Robber (Mummy Necromancer)        Turns: 1356, Time: 00:07:27

Health: 0/24       AC:  2    Str: 11    XL:     3   Next: 66%
Magic:  17/17      EV: 12    Int: 16    God:
Gold:   48         SH:  0    Dex: 15    Spells: 5/10 levels left

rFire   x . .      SeeInvis .   b - +2 dagger (drain)
rCold   + . .      Faith    .   (no shield)
rNeg    + + +      Spirit   .   a - +0 robe
rPois   ∞          Reflect  .   (no helmet)
rElec   .          Harm     .   (no cloak)
rCorr   .          Rampage  .   (no gloves)
Will    .....                   (no boots)
Stlth   ++........              (no amulet)
HPRegen 0.08/turn               e - ring of Ufoytt {MP+9 Dex+3}
MPRegen 0.15/turn               (no ring)

@: no status effects
A: cold resistance 1, negative energy resistance 3, torment resistance 2, heat
vulnerability 1, no potions
a: no special abilities


You were on level 2 of the Dungeon.
You visited 1 branch of the dungeon, and saw 2 of its levels.

You collected 48 gold pieces.

Inventory:

Hand Weapons
 b - a +2 dagger of draining (weapon)
Missiles
 c - 51 stones
Armour
 a - a +0 robe (worn)
Jewellery
 e - the ring of Ufoytt (left hand) {MP+9 Dex+3}
   (You took it off a goblin on level 2 of the Dungeon)

   [ring of magical power]

   Dex:       It affects your dexterity (+3).
   MP:        It affects your magic capacity (+9).
Scrolls
 d - a scroll of teleportation {unknown}


   Skills:
 - Level 1.5 Dodging
 - Level 1.5 Stealth
 + Level 4.1 Spellcasting
 + Level 4.7 Necromancy


You had 5 spell levels left.
You knew the following spells:

 Your Spells              Type           Power      Damage    Failure   Level
a - Pain                  Necr           72%        1d7       2%          1
b - Animate Skeleton      Necr           36%        N/A       2%          1
c - Vampiric Draining     Necr           18%        2d7       7%          3

Your spell library contained the following spells:

 Spells                   Type           Power      Damage    Failure   Level
 Animate Dead             Necr           9%         N/A       24%         4
 Agony                    Necr           18%        N/A       54%         5


Dungeon Overview and Level Annotations

Branches:
Dungeon (2/15)

Altars:

Annotations:
D:2 Crazy Yiuf


Innate Abilities, Weirdness & Mutations

You are immune to poison.
Your flesh is cold resistant. (rC+)
You are immune to negative energy. (rN+++)
You are immune to unholy pain and torment.
You are vulnerable to heat. (rF-)
You do not drink.


Message History

Things that are here:
a +0 dagger; a goblin corpse No target in view!
You now have 48 gold pieces (gained 6).
Found a murky emerald potion.
Found a stone staircase leading up.
A ball python comes into view.
The helpless ball python fails to defend itself.
You puncture the ball python!
You kill the ball python!
You see here a ball python corpse.
A kobold comes into view. It is wielding a +0 club.
The helpless kobold fails to defend itself.
You puncture the kobold!
You kill the kobold!
c - 51 stones (gained 5)
You see here a +0 club.
A hobgoblin comes into view.
The helpless hobgoblin fails to defend itself.
You hit the hobgoblin.
You kill the hobgoblin!
Found a mace.
Found a runed translucent door.
Crazy Yiuf shouts!
Crazy Yiuf laughs, "Mugger!
Shower foot green."
You open the door.
Casting: Pain (safe; 2% risk of failure)
Confirm with . or Enter, or press ? or * to list all spells.
Okay, then.
You barely miss Crazy Yiuf.
Crazy Yiuf grits, "Tonal fast tea!"
Crazy Yiuf closely misses you.
You hit Crazy Yiuf. You drain Crazy Yiuf.
Crazy Yiuf is lightly wounded.
Crazy Yiuf closely misses you.
You closely miss Crazy Yiuf.
Crazy Yiuf is lightly wounded.
Crazy Yiuf hits you with a +2 quarterstaff of chaos!
You convulse!
Ouch! That really hurt!
You die...

####.######......# #.#
.# # #.)#####.)....#
#.######.# #
##.##.........#
#........#
#..#.#########
####..!.#### ##.#.#
#........ #...#
####.#.## ##..# ###
♣♣##........ #..#
#)..#♣♣ ♣♣.#.....#.#.
##g#
#...g@♣♣♣♣........#.#.
..#
#...#♣..♣.PP......#.#.
#.# ###
♣♣♣.♣.P#...#<#.#. #.#
♣♣♣♣♣##....#.#† .#
####.#.#. #.†....#.
####.###. #.#...
#.#.#.


You could see Crazy Yiuf (drained).

Vanquished Creatures
  Robin (D:2)
  A dart slug (D:1)
  5 bats
  An endoplasm (D:1)
  2 giant cockroaches (D:1)
  10 goblins
  5 hobgoblins
  A quokka (D:1)
  5 ball pythons
  4 kobolds
  A rat (D:1)
36 creatures vanquished.

Notes
Turn   | Place    | Note
-------+----------+-------------------------------------------
     0 | D:1      | testman the Mummy Necromancer began the quest for the Orb.
     0 | D:1      | Reached XP level 1. HP: 13/13 MP: 4/4
   267 | D:1      | Reached XP level 2. HP: 14/19 MP: 1/6
   984 | D:2      | Reached XP level 3. HP: 22/24 MP: 2/8
  1087 | D:2      | Noticed Robin
  1093 | D:2      | Killed Robin
  1098 | D:2      | Learned a level 1 spell: Animate Skeleton
  1102 | D:2      | Learned a level 3 spell: Vampiric Draining
  1105 | D:2      | Identified the ring of Ufoytt {MP+9 Dex+3}
  1349 | D:2      | Found a runed translucent door.
  1350 | D:2      | Noticed Crazy Yiuf
  1356 | D:2      | Slain by Crazy Yiuf

Illustrated notes

Levels and vault maps discovered:
D:1:      minmay_arrival_stair_chambers, layout_basic
D:2:      layout_basic, hellmonk_ecumenical_altar_run_dry,
          uniq_crazy_yiuf_cottage, uniq_robin

Skill      XL: |  1  2  3 |
---------------+----------+-----
Spellcasting   | 3 4 |  4.1
Dodging        | |  1.5
Stealth        | |  1.5
Necromancy     | |  4.7

Action                   || total
-------------------------++-------
Melee: Unarmed           ||     8
       Dagger            ||    17
 Cast: Pain              ||    59
 Stab: Sleeping          ||     3
Armor: Robe              ||     2
Dodge: Dodged            ||    16

Table legend: (Time is in decaauts)
 A = Elapsed time spent in this place.
 B = Non-inter-level travel time spent in this place.
 C = Inter-level travel time spent in this place.
 D = Time resting spent in this place.
 E = Time spent auto-exploring this place.
 F = Levels seen in this place.
 G = Mean time per level.
                   A        B        C        D        E       F      G
               +--------+--------+--------+--------+--------+-----+--------+
         Total |   1354 |   1337 |     17 |    275 |    855 |   2 |  677.0 |
       Dungeon |   1354 |   1337 |     17 |    275 |    855 |   2 |  677.0 |
               +--------+--------+--------+--------+--------+-----+--------+

Top non-repeatable levels by time:
     D:1: 933 daAuts
     D:2: 421 daAuts
